 Dungeon Crawl Stone Soup version 0.31-a0-675-g238779eb0a (webtiles) character file.

Game seed: 7100743823193428693

3 dialectric the Changeling (level 1, -1/9 HPs)
             Began as a Vine Stalker Shapeshifter on Sept 5, 2023.
             Slain by a gnoll
             ... wielding a +0 spear
              (6 damage)
             ... on level 1 of the Dungeon.
             The game lasted 00:00:06 (107 turns).

dialectric the Changeling (VSSh)                     Turns: 107, Time: 00:00:07

Health: -1/9       AC:  2    Str: 16    XL:     1   Next: 50%
Magic:  0/2        EV: 12    Int: 10    God:
Gold:   26         SH:  0    Dex: 13    Spells: 0/0 levels left

rFire   . .          .
                       - Unarmed
rCold   . . .        (no shield)
rNeg    . . .        a - +0 animal skin
rPois   .            (helmet currently unavailable)
rElec   .            (cloak currently unavailable)
rCorr   .            (gloves currently unavailable)
SInv    .            (boots currently unavailable)
Will    .....        (no amulet)
Stlth   +            (no ring)
HPRegen 1.01/turn    (no ring)
MPRegen 0.08/turn

%: guardian spirit
@: beast-form
A: beast (slay +1), fangs 2, regeneration 1, magic shield, antimagic bite, no
potion heal 2
a: Begin Untransformation


You were on level 1 of the Dungeon.
You were a hulking beast.
You visited 1 branch of the dungeon, and saw 1 of its levels.

You collected 26 gold pieces.

Inventory:

Armour
 a - a +0 animal skin (worn)
Talismans
 c - a beast talisman (active)
 d - a flux talisman
Scrolls
 e - a scroll of identify {unknown}
 f - a scroll of teleportation {unknown}
Potions
 b - a potion of lignification
 g - a potion of curing {unknown}


   Skills:
 + Level 0.8 Fighting
 + Level 1.5 Dodging
 + Level 3.1 Unarmed Combat
 + Level 3.1 Shapeshifting


You couldn't memorise any spells.
You didn't know any spells.
Your spell library was empty.

Dungeon Overview and Level Annotations

Branches:
Dungeon (1/15)

Altars:


Innate Abilities, Weirdness & Mutations

You are a hulking beast.
Your limbs bulge with bestial killing power. (Slay +1)
You have extremely sharp teeth.
Your natural rate of healing is unusually fast.
When hurt, damage is shared between your health and your magic reserves.
Your bite disrupts and absorbs the magic of your enemies.
Potions cannot restore your health.


Message History

You hit the kobold.
You kill the kobold!
No target in view!
No target in view!
No target in view!
No target in view!
No target in view!
HP restored.
Magic restored.
There is a stone staircase leading down here.
e - a scroll labelled GOANEO ZEOHY No target in view!
f - a scroll labelled ESO DUPUERPHU
Found a leather armour.
No target in view!
g - a bubbling ruby potion No target in view!
No target in view!
No target in view!
You now have 23 gold pieces (gained 8).
You now have 26 gold pieces (gained 3).
A gnoll comes into view. It is wielding a +0 spear.
A bat comes into view.
There are monsters nearby!
There are monsters nearby!
A ball python comes into view.
Found a scroll labelled JAUNEO YLECE.
The gnoll shouts!
The ball python hisses angrily.
A bat comes into view.
There are monsters nearby!
The gnoll closely misses you. The gnoll hits you with a +0 spear!
Ouch! That really hurt!
You are too injured to fight recklessly!
You are too injured to fight recklessly!
You are too injured to fight recklessly!
You are too injured to fight recklessly!
The gnoll hits you from afar with a +0 spear.
Ouch! That really hurt!
You die...

...P.PPP.... ###.PP.......##
....PP..?..... ....PbP...P.#
...bP.......####
....P.....P.....
.....PgPPP......
......S.[....... #.#
#######.h###### #.# ##.#
.#.# #.# ..###
###########.###########...
.....................##.###.
##########.......###........
#.......# #.....###
#####....^..# #.##....#
.............# #.###....


You could see a gnoll, 2 bats and a ball python.

Vanquished Creatures
  A goblin (D:1)
  A ball python (D:1)
  A bat (D:1)
  A kobold (D:1)
4 creatures vanquished.

Notes
Turn   | Place    | Note
-------+----------+-------------------------------------------
     0 | D:1      | dialectric the Vine Stalker Shapeshifter began the quest
                  | for the Orb.
     0 | D:1      | Reached XP level 1. HP: 9/9 MP: 2/2
   107 | D:1      | Slain by a gnoll

Illustrated notes

Levels and vault maps discovered:
D:1:      dpeg_arrival_lava_altar, layout_basic, nicolae_grassy_gnolls

Action                     || total
---------------------------++-------
  Melee: Unarmed           ||     5
         Bite              ||     1
 Armour: Animal skin       ||     4
  Dodge: Dodged            ||     2

Table legend: (Time is in decaauts)
 A = Elapsed time spent in this place.
 B = Non-inter-level travel time spent in this place.
 C = Inter-level travel time spent in this place.
 D = Time resting spent in this place.
 E = Time spent auto-exploring this place.
 F = Levels seen in this place.
 G = Mean time per level.
                   A        B        C        D        E       F      G
               +--------+--------+--------+--------+--------+-----+--------+
         Total |    106 |    106 |      0 |      0 |     82 |   1 |  106.0 |
       Dungeon |    106 |    106 |      0 |      0 |     82 |   1 |  106.0 |
               +--------+--------+--------+--------+--------+-----+--------+

Top non-repeatable levels by time:
     D:1: 106 daAuts
